 Dungeon Crawl Stone Soup version 0.18.1-48-g4cf74bf (webtiles) character file.

223 hairmachine the Cudgeler (level 5, -1/45 HPs)
             Began as a Minotaur Fighter on July 20, 2016.
             Killed by divine providence
             ... invoked by an orc priest
              (14 damage)
             ... on level 4 of the Dungeon.
             The game lasted 00:05:07 (2791 turns).

hairmachine the Cudgeler (Minotaur Fighter)         Turns: 2791, Time: 00:05:08

Health: -1/45      AC:  8    Str: 26    XL:     5   Next: 66%
Magic:  4/4        EV: 10    Int:  5    God:
Gold:   118        SH:  0    Dex: 10    Spells: 0 memorised, 4 levels left

rFire  . . .     SeeInvis .     q - +2 whip (holy)
rCold  . . .     Gourm    .     b - +0 scale mail
rNeg   . . .     Faith    .     (no shield)
rPois  .         Spirit   .     (helmet restricted)
rElec  .         Dismiss  .     (no cloak)
rCorr  .         Reflect  .     (no gloves)
SustAt .         Harm     .     n - +0 pair of boots
MR     .....                    (no amulet)
Stlth  ..........               (no ring)
                                (no ring)

@: mighty, not resistant to hostile enchantments, extremely unstealthy
A: retaliatory headbutt, horns 2
a: no special abilities


You were on level 4 of the Dungeon.
You were not hungry.

You visited 1 branch of the dungeon, and saw 4 of its levels.

You collected 118 gold pieces.

Inventory:

Hand Weapons
 a - a +0 flail
 q - a +2 whip of holy wrath (weapon)
Missiles
 y - 2 poisoned tomahawks (quivered)
Armour
 b - a +0 scale mail (worn)
 c - a +0 shield
 n - a +0 pair of boots (worn)
Jewellery
 x - an uncursed ring of stealth {unknown}
Scrolls
 e - 3 scrolls of magic mapping {unknown}
 g - 2 scrolls of teleportation {unknown}
 h - 3 scrolls of amnesia {unknown}
 m - a scroll of remove curse {unknown}
 o - 2 scrolls of recharging {unknown}
 s - a scroll of random uselessness {unknown}
 t - 2 scrolls of identify {unknown}
 u - a scroll of noise {unknown}
 w - a scroll of fog {unknown}
 D - a scroll of enchant weapon {unknown}
Potions
 j - 2 potions of curing {unknown}
 k - 2 potions of brilliance {unknown}
 l - a potion of haste {unknown}
 p - a potion of berserk rage {unknown}
 r - a potion of degeneration {unknown}
 z - a potion of heal wounds {unknown}
 C - a potion of lignification {unknown}
Books
 B - a book of Necromancy

   Spells                             Type                      Level
   a - Pain                           Necromancy                   1
   b - Animate Skeleton               Necromancy                   1
   c - Vampiric Draining              Necromancy                   3
   d - Regeneration                   Charms/Necromancy            3
   e - Animate Dead                   Necromancy                   4
   f - Control Undead                 Necromancy                   4
Comestibles
 f - 3 bread rations
 i - 3 meat rations
 v - 2 beef jerkies
 A - a slice of pizza


   Skills:
 - Level 3.6 Fighting
 + Level 7.2 Maces & Flails
 - Level 3.6 Armour
 - Level 3.6 Shields


You had 4 spell levels left.
You didn't know any spells.

Dungeon Overview and Level Annotations

Branches:
Dungeon (4/15)
 Temple: D:4-7

Altars:
Elyvilon
Zin


Innate Abilities, Weirdness & Mutations

You reflexively headbutt those who attack you in melee.
You have a pair of horns on your head.


Message History

The orc priest hits you with a hand axe.
The orc priest hits you but does no damage.
You barely miss the orc priest.
The orc priest is moderately wounded.
The orc priest hits you with a club. The orc hits you with a dagger.
The orc priest hits you but does no damage. x2
You hit the orc priest. Your headbutt misses the orc priest.
The orc priest is heavily wounded.
The orc hits you with a dagger.
* * * LOW HITPOINT WARNING * * *
The orc priest hits you but does no damage.
Drink which item? (? for menu, Esc to quit)
You feel very mighty all of a sudden.
The orc priest casts a cantrip, but nothing happens.
The orc priest barely misses you. The orc hits you but does no damage.
You barely miss the orc priest. Your headbutt misses the orc priest.
The orc priest is heavily wounded.
The orc priest calls down the wrath of Beogh upon you.
Beogh smites you!
You die...

#.........#
#.........#
#.........###
#....<......##
###########..#
##.# ###.### #
##.....#....
#..o@.......
#...ooo......
#............
#............
#............
#............
##...........
##.....#....


You could see 3 orc priests and an orc.

Vanquished Creatures
  An orc priest (D:4)
  An orc wizard (D:3)
  A hound skeleton (D:4)
  5 adders
  3 worms
  3 dart slugs
  A giant gecko (D:2)
  15 orcs (D:3)
  A ball python (D:3)
  5 giant cockroaches
  9 goblins
  10 hobgoblins
  5 kobolds
  2 quokkas
  5 bats
  A giant newt (D:3)
  9 rats
77 creatures vanquished.

Notes
Turn   | Place    | Note
--------------------------------------------------------------
     0 | D:1      | hairmachine the Minotaur Fighter began the quest for the Orb.
     0 | D:1      | Reached XP level 1. HP: 19/19 MP: 0/0
   268 | D:1      | Reached skill level 3 in Maces & Flails
   342 | D:1      | Reached XP level 2. HP: 24/26 MP: 1/1
   815 | D:2      | Reached skill level 4 in Maces & Flails
   925 | D:2      | Reached XP level 3. HP: 11/31 MP: 2/2
  1737 | D:2      | Reached skill level 5 in Maces & Flails
  1832 | D:3      | Reached XP level 4. HP: 34/39 MP: 3/3
  2183 | D:3      | Found a white marble altar of Elyvilon.
  2209 | D:3      | Found a glowing silver altar of Zin.
  2220 | D:3      | Reached skill level 6 in Maces & Flails
  2378 | D:3      | Reached XP level 5. HP: 45/45 MP: 4/4
  2785 | D:4      | Reached skill level 7 in Maces & Flails
  2791 | D:4      | Killed from afar by an orc priest

Skill      XL: |  1  2  3  4  5 |
---------------+----------------+-----
Maces & Flails | 3 4 5 6 7 |  7.2
Fighting       | |  3.6
Armour         | |  3.6
Shields        | |  3.6

Action                   |  1- 3 |  4- 6 || total
-------------------------+-------+-------++-------
Melee: Flail             |    54 |       ||    54
       Headbutt          |    18 |    18 ||    36
       Whip              |    40 |    87 ||   127
  Use: Potion            |       |     1 ||     1
  Eat: Chunk             |     3 |     3 ||     6
Armor: Scale mail        |    35 |    30 ||    65
Dodge: Dodged            |    50 |    38 ||    88
